 Dungeon Crawl Stone Soup version 0.19.1-1-g22dce08 (webtiles) character file.

72 Kiturien the Stinger (level 4, -2/28 HPs)
             Began as an Octopode Venom Mage on Jan 16, 2017.
             Slain by Crazy Yiuf
             ... wielding a +2 quarterstaff of chaos
              (11 damage)
             ... on level 2 of the Dungeon on Jan 17, 2017.
             The game lasted 00:10:09 (2388 turns).

Kiturien the Stinger (Octopode Venom Mage)          Turns: 2388, Time: 00:10:10

Health: -2/28      AC:  1    Str:  8    XL:     4   Next: 25%
Magic:  0/7        EV: 13    Int: 17    God:
Gold:   62         SH:  0    Dex: 12    Spells: 2 memorised, 3 levels left

rFire  . . .     SeeInvis +     i - +0 dagger (curse)
rCold  . . .     Gourm    .     (no shield)
rNeg   . . .     Faith    .     (helmet restricted)
rPois  .         Spirit   .     (no amulet)
rElec  .         Reflect  .     d - ring of see invisible
rCorr  .         Harm     .     (no ring)
MR     .....                    (no ring)
Stlth  +++.......               (no ring)
                                (no ring)
                                (no ring)
                                (no ring)
                                (no ring)

@: very slightly contaminated, hasted, very quick
A: almost no armour, stealthy swim, amphibious, 8 rings, constrict 8, camouflage
1, gelatinous body 1
a: no special abilities


You were on level 2 of the Dungeon.
You were full.

You visited 1 branch of the dungeon, and saw 2 of its levels.

You collected 62 gold pieces.

Inventory:

Hand Weapons
 e - a +0 hand axe
 f - a +0 dagger
 i - a cursed +0 dagger (weapon)
Jewellery
 d - a ring of see invisible (left tentacle)
Scrolls
 j - a scroll of fear {unknown}
 l - a scroll of immolation {unknown}
 m - a scroll of enchant weapon {unknown}
Potions
 c - a potion of heal wounds
 g - 2 potions of lignification
 h - a potion of invisibility {unknown}
 n - a potion of degeneration
 o - a potion of flight {unknown}
Books
 a - a Young Poisoner's Handbook

   Spells                             Type                      Level
   a - Sting                          Conjuration/Poison           1
   b - Mephitic Cloud                 Conjuration/Poison/Air       3
   c - Olgreb's Toxic Radiance        Poison                       4
   d - Alistair's Intoxication        Transmutation/Poison         5
   e - Venom Bolt                     Conjuration/Poison           5
Comestibles
 b - a bread ration
 p - 2 fruits


   Skills:
 * Level 1.2 Fighting
 + Level 0.2 Short Blades
 - Level 0.2 Axes
 + Level 2.3 Dodging
 + Level 3.5 Stealth
 * Level 2.4 Spellcasting
 + Level 0.2 Conjurations
 + Level 5.5 Poison Magic


You had 3 spell levels left.
You knew the following spells:

 Your Spells              Type           Power        Failure   Level  Hunger
a - Sting                 Conj/Pois      ##..         10%         1    #......
b - Mephitic Cloud        Conj/Pois/Air  #.......     24%         3    ###....


Dungeon Overview and Level Annotations

Branches:
Dungeon (2/15)

Altars:

Annotations:
D:2 Crazy Yiuf


Innate Abilities, Weirdness & Mutations

You cannot wear most types of armour.
You are very stealthy in the water. (Stealth+)
You are amphibious.
You can wear up to eight rings at the same time.
You can use your tentacles to constrict eight enemies at once.
Your skin changes colour to match your surroundings (Stealth+).
Your rubbery body absorbs attacks. (AC +1, EV +1)


Message History

Aiming: Mephitic Cloud
Press: ? - help, Shift-Dir - straight line You miscast Mephitic Cloud.
You feel sick. Crazy Yiuf misses you.
Unknown command.
Casting: Mephitic Cloud
Confirm with . or Enter, or press ? or * to list all spells.
You don't know that spell.
You hit Crazy Yiuf but do no damage. Your grab misses Crazy Yiuf.
Crazy Yiuf is heavily wounded.
Crazy Yiuf hits you with a quarterstaff of chaos.
You feel yourself speed up.
You closely miss Crazy Yiuf. You grab Crazy Yiuf.
Crazy Yiuf is heavily wounded.
You constrict Crazy Yiuf, but do no damage.
Crazy Yiuf misses you.
You hit Crazy Yiuf.
Crazy Yiuf is heavily wounded.
You constrict Crazy Yiuf, but do no damage.
Crazy Yiuf hits you with a quarterstaff of chaos!
You die...

...........###.>.#######...(####.
.†((.......'.'...'.....'....+....
..)........###...################
...........###...##
....>...(....'...'#######
...........†##...#....#.########
............##.........#..##...#
#...........##..g.....####.'...#
###########.##..@....## ###..)#
## #.##....#### ##### .#
#.##....# .# #..'....# .#####
#####....####### ### ......
................# #.# .#####
#########.......# #.# .#
#.......# #.# .# #.......####.#


You could see Crazy Yiuf (berserk).

Vanquished Creatures
  2 adders (D:2)
  A worm (D:2)
  3 dart slugs
  3 leopard geckos (D:1)
  3 giant cockroaches
  2 goblins (D:1)
  6 hobgoblins
  5 bats
  8 frilled lizards
  6 kobolds
  4 rats
43 creatures vanquished.

Notes
Turn   | Place    | Note
-------+----------+-------------------------------------------
     0 | D:1      | Kiturien the Octopode Venom Mage began the quest for the Orb.
     0 | D:1      | Reached XP level 1. HP: 11/11 MP: 3/3
    64 | D:1      | Reached skill level 5 in Poison Magic
   402 | D:1      | Reached XP level 2. HP: 15/17 MP: 1/5
   892 | D:1      | Reached XP level 3. HP: 22/22 MP: 2/6
  1626 | D:2      | Reached skill level 1 in Fighting
  2053 | D:2      | Reached XP level 4. HP: 28/28 MP: 7/7
  2070 | D:2      | Learned a level 3 spell: Mephitic Cloud
  2350 | D:2      | Found a runed door.
  2354 | D:2      | Noticed Crazy Yiuf
  2388 | D:2      | Slain by Crazy Yiuf

Skill      XL: |  1  2  3 |
---------------+----------+-----
Poison Magic   | 5 |  5.5
Stealth        | 3 |  3.5
Fighting       | 1 |  1.2
Short Blades   | |  0.2
Axes           | |  0.2
Dodging        | |  2.3
Spellcasting   | |  2.4
Conjurations   | |  0.2

Action                   |  1- 3 |  4- 6 || total
-------------------------+-------+-------++-------
Melee: Dagger            |    74 |    20 ||    94
       Hand axe          |     6 |       ||     6
       Constrict         |    22 |     6 ||    28
       Tentacles         |     8 |     2 ||    10
 Cast: Sting             |    21 |     1 ||    22
       Mephitic Cloud    |       |     1 ||     1
  Use: Scroll            |     2 |     2 ||     4
       Potion            |       |     1 ||     1
 Stab: Sleeping          |     2 |       ||     2
  Eat: Bread ration      |     1 |       ||     1
       Meat ration       |       |     1 ||     1
Armor: Skin              |     6 |       ||     6
Dodge: Dodged            |    46 |    15 ||    61
